 Dungeon Crawl Stone Soup version 0.17.0-23-g0de4337 (console) character file.

1058 jw the Cutter (level 8, -12/82 HPs)
             Began as an Octopode Berserker on Nov 15, 2015.
             Was a Priest of Trog.
             Mangled by GoodGuyCap's ghost (15 damage)
             ... on level 5 of the Dungeon.
             The game lasted 00:11:56 (5455 turns).

jw the Cutter (Octopode Berserker)                  Turns: 5455, Time: 00:11:56

Health: -12/82     AC:  1    Str: 17      XL:     8   Next: 27%
Magic:  8/8        EV: 14    Int: 10      God:    Trog [***...]
Gold:   267        SH:  0    Dex: 11 (13) Spells: 0 memorised, 7 levels left

rFire  . . .     SeeInvis .     a - +1 short sword
rCold  . . .     Clarity  .     (no shield)
rNeg   . . .     SustAt   .     (helmet restricted)
rPois  +         Gourm    .     i - amulet of resist mutation
rElec  .         Spirit   .     c - ring of poison resistance
rCorr  .         Warding  .     f - ring of teleportation (curse)
rMut   +         Rnd*Tele +     h - -4 ring of strength (curse)
MR     ++...                    (no ring)
Stlth  ..........               (no ring)
                                (no ring)
                                (no ring)
                                (no ring)

@: berserking (expiring), regenerating, very quick, very resistant to hostile
enchantments, extremely unstealthy
A: almost no armour, amphibious, 8 rings, constrict 8, camouflage 1, gelatinous
body 1
a: Berserk, Trog's Hand, Burn Spellbooks, Renounce Religion, Evoke Teleportation


You were on level 5 of the Dungeon.
You worshipped Trog.
Trog was most pleased with you.
You were hungry.

You visited 1 branch of the dungeon, and saw 5 of its levels.

You collected 267 gold pieces.

Inventory:

Hand Weapons
 a - a +1 short sword (weapon)
Missiles
 d - 5 curare-tipped needles
 e - 138 stones (quivered)
 g - 4 needles of slowing
Jewellery
 c - a ring of poison resistance (left tentacle)
 f - a cursed ring of teleportation (right tentacle)
 h - a cursed -4 ring of strength (on tentacle)
 i - an amulet of resist mutation (around mantle)
Scrolls
 j - 2 scrolls of identify
 o - a scroll of remove curse
Potions
 l - a potion of resistance
Comestibles
 b - a bread ration
 k - 2 meat rations
 m - a royal jelly


   Skills:
 + Level 5.2 Fighting
 * Level 6.7 Short Blades
 + Level 3.8 Throwing
 + Level 5.0 Dodging


You had 7 spell levels left.
You didn't know any spells.

Dungeon Overview and Level Annotations

Branches:
Dungeon (5/15)
 Temple: D:4-7

Altars:
Elyvilon
Kikubaaqudgha
Okawaru
Vehumet

Annotations:
D:5 GoodGuyCap's ghost, novice DsFi


Innate Abilities, Weirdness & Mutations

You cannot wear most types of armour.
You are amphibious.
You can wear up to eight rings at the same time.
You can use your tentacles to constrict eight enemies at once.
Your skin changes colour to match your surroundings (Stealth).
Your rubbery body absorbs attacks (AC +1).


Message History

GoodGuyCap's ghost is moderately damaged.
ATTACK MOVE TO (-1,0)
You hit GoodGuyCap's ghost. You squeeze GoodGuyCap's ghost.
GoodGuyCap's ghost is moderately damaged.
The crimson imp hits you. GoodGuyCap's ghost hits you!
ATTACK MOVE TO (-1,0)
You barely miss GoodGuyCap's ghost. You squeeze GoodGuyCap's ghost!
GoodGuyCap's ghost is heavily damaged.
ATTACK MOVE TO (-1,0)
You hit GoodGuyCap's ghost but do no damage.
GoodGuyCap's ghost is heavily damaged.
The crimson imp barely misses you. GoodGuyCap's ghost hits you!
ATTACK MOVE TO (-1,0)
You closely miss GoodGuyCap's ghost. Your squeeze misses GoodGuyCap's ghost.
GoodGuyCap's ghost is heavily damaged.
ATTACK MOVE TO (-1,0)
You closely miss GoodGuyCap's ghost.
GoodGuyCap's ghost is heavily damaged.
The crimson imp hits you. GoodGuyCap's ghost hits you!
You die...

#!..###
#.....
####....#
#.......#
#.......#
#..../..#
#....#####.#
#..Wx5.....#
#...###.####
......##
#######


You could see GoodGuyCap's ghost and a crimson imp.

Table legend:
 A = Turns spent in this place as a percentage of turns spent in the entire game.
 B = Non-inter-level travel turns spent in this place as a percentage of non-inter-level travel turns spent in the entire game.
 C = Inter-level travel turns spent in this place as a percentage of turns spent in this place.
 D = Turns resting spent in this place as a percentage of non-inter-level travel turns spent in this place.
 E = Turns spent auto-exploring this place as a percentage of non-inter-level travel turns spent in this place.
 F = Non-inter-level travel turns spent in this place divided by the number of levels of this place that you've seen.
                   A       B       C       D       E      F
               +-------+-------+-------+-------+-------+----------------------
         Total | 100.0 | 100.0 |   0.4 |   1.7 |   2.5 | 1192.0
       Dungeon | 100.0 | 100.0 |   0.4 |   1.7 |   2.5 | 1192.0
               +-------+-------+-------+-------+-------+----------------------

Table legend:
 A = Kills in this place as a percentage of kills in entire the game.
 B = Kills by you in this place as a percentage of kills by you in the entire game.
 C = Kills by friends in this place as a percentage of kills by friends in the entire game.
 D = Other kills in this place as a percentage of other kills in the entire game.
 E = Experience gained in this place as a percentage of experience gained in the entire game.
 F = Experience gained in this place divided by the number of levels of this place that you have seen.
                   A       B       C       D       E      F
               +-------+-------+-------+-------+-------+----------------------
         Total | 100.0 | 100.0 |  -nan |  -nan | 100.0 | 302.4
       Dungeon | 100.0 | 100.0 |  -nan |  -nan | 100.0 | 302.4
               +-------+-------+-------+-------+-------+----------------------

Vanquished Creatures
  Grinder (D:3)
  The ghost of More the Changer, an amateur OpTm (D:4)
  Sigmund (D:3)
  A phantom (D:5)
  A scorpion (D:2)
  An orc priest (D:4)
  A centaur skeleton (D:4)
  2 orc wizards
  Crazy Yiuf (D:3)
  Ijyb (D:3)
  Natasha (thrice) (D:3)
  A worker ant (D:4)
  Robin (D:3)
  4 adders
  An ooze (D:1)
  2 worms (D:2)
  6 orcs
  2 giant cockroaches
  25 goblins
  12 hobgoblins
  6 jackals
  15 kobolds
  2 quokkas
  8 bats
  2 giant geckos
  3 giant newts
  A jackal skeleton (D:4)
  9 rats
114 creatures vanquished.

Notes
Turn   | Place    | Note
--------------------------------------------------------------
     0 | D:1      | jw the Octopode Berserker began the quest for the Orb.
     0 | D:1      | Reached XP level 1. HP: 16/16 MP: 1/1
   161 | D:1      | Reached XP level 2. HP: 20/21 MP: 2/2
   841 | D:1      | Reached XP level 3. HP: 26/26 MP: 3/3
  1070 | D:1      | Reached ** piety under Trog
  1262 | D:2      | Reached skill level 1 in Throwing
  1824 | D:2      | Found a radiant altar of Vehumet.
  1908 | D:2      | Reached XP level 4. HP: 28/31 MP: 4/4
  1979 | D:2      | Reached skill level 4 in Short Blades
  2160 | D:2      | Noticed a scorpion
  2179 | D:2      | Killed a scorpion
  2179 | D:2      | Reached XP level 5. HP: 22/36 MP: 5/5
  2370 | D:2      | Found a white marble altar of Elyvilon.
  2510 | D:3      | Noticed Sigmund
  2526 | D:3      | Killed Sigmund
  2526 | D:3      | Reached skill level 5 in Short Blades
  2526 | D:3      | Reached XP level 6. HP: 3/43 MP: 6/6
  2593 | D:3      | Found an ancient bone altar of Kikubaaqudgha.
  2593 | D:3      | Noticed Ijyb
  2597 | D:3      | Killed Ijyb
  2887 | D:3      | Noticed Robin
  2887 | D:3      | Noticed Grinder
  2902 | D:3      | Killed Robin
  2917 | D:3      | Killed Grinder
  2917 | D:3      | Reached XP level 7. HP: 49/49 MP: 7/7
  2975 | D:3      | Noticed Natasha
  2982 | D:3      | Reached *** piety under Trog
  2988 | D:3      | Killed Natasha
  3089 | D:3      | Found an iron altar of Okawaru.
  3186 | D:3      | Noticed Natasha
  3198 | D:3      | Killed Natasha
  3285 | D:3      | Noticed Natasha
  3293 | D:3      | Killed Natasha
  3481 | D:3      | Noticed Crazy Yiuf
  3493 | D:3      | Killed Crazy Yiuf
  3493 | D:3      | Reached skill level 6 in Short Blades
  4719 | D:4      | Noticed More's ghost (amateur OpTm)
  4730 | D:4      | Received a gift from Trog
  4751 | D:4      | Killed More's ghost
  4751 | D:4      | Reached skill level 5 in Fighting
  4751 | D:4      | Reached XP level 8. HP: 41/55 MP: 8/8
  5320 | D:5      | Entered Level 5 of the Dungeon
  5392 | D:5      | Reached skill level 5 in Dodging
  5433 | D:5      | Noticed GoodGuyCap's ghost (novice DsFi)
  5455 | D:5      | HP: 3/82 [crimson imp (4)]
  5455 | D:5      | Mangled by GoodGuyCap's ghost

Action                   |  1- 3 |  4- 6 |  7- 9 || total
-------------------------+-------+-------+-------++-------
Melee: Short sword       |    72 |    60 |   154 ||   286
Throw: Stone             |    67 |    20 |    46 ||   133
Invok: Berserk           |     1 |     4 |     4 ||     9
       Trog's Hand       |       |     2 |     1 ||     3
  Use: Potion            |     2 |     1 |     3 ||     6
       Scroll            |     2 |     1 |     1 ||     4
 Stab: Sleeping          |     8 |       |     4 ||    12
  Eat: Chunk             |     4 |     2 |     8 ||    14
       Bread ration      |       |     1 |     1 ||     2

Vault maps used:
D:1:      dpeg_chamrin_arrival_tetris
D:2:      nicolae_overflow_hidden_temple, lemuel_round_altar,
          kennysheep_nondescript
D:3:      nicolae_overflow_crystal_walls, kennysheep_pointless_box,
          okawaru_trees_2, uniq_robin, uniq_sigmund, uniq_iyjb, uniq_grinder,
          uniq_crazy_yiuf_cottage, uniq_natasha
D:4:      first_bread
D:5:      zin_purify, old_standard_altar, nrook_mini_vaults,
          hangedman_decor_slide_cut, minivault_27
